 Dungeon Crawl Stone Soup version 0.29-a0-653-gd47aff6735 (webtiles) character file.

Game seed: 14950762076212633192

1545201 SeagullWaffle the Slayer (level 27, 216/216 (220) HPs)
             Began as a Djinni Ice Elementalist on June 19, 2022.
             Was a High Priest of Okawaru.
             Escaped with the Orb
             ... and 3 runes on June 21, 2022!
             The game lasted 08:26:23 (77746 turns).

SeagullWaffle the Slayer (Djinni Ice Elementalist) Turns: 77746, Time: 08:26:24

HP:   216/216 (220) AC: 29    Str:  8    XL:     27
Gold: 8202          EV: 21    Int: 25    God:    Okawaru [*****.] SH: 23 Dex: 20

rFire   + + +      SeeInvis +   J - +18 lance "Wyrmbane" {slay drac, rPois rF+ rC+ AC+3}
rCold   + + +      Faith    .   i - +2 shield of Resistance {rF++ rC++ Will++}
rNeg    + . .      Spirit   .   W - quicksilver dragon scales of the Game of Life {Will+ Str-2 Int+3 Slay+2}
rPois   ∞          Reflect  +   L - +2 helmet {SInv}
rElec   .          Harm     .   a - +2 cloak {Stlth+}
rCorr   .          Rampage  .   S - +2 pair of gloves
Will    +++++      Rage     9%  (boots unavailable)
Stlth   ++........              x - amulet of reflection
HPRegen 0.46/turn               c - ring of Jantopsusu {rC+ rN+ Stlth+}
MPRegen 0.00/turn               s - ring of the Tortoise {AC+8}

@: on berserk cooldown, flying, slowed, studying Dodging, lightly drained, very
slow
A: sickness immunity, fire resistance 3, cold vulnerability 1, float, innate
caster, HP casting, extra vitality 1, claws 1, thin skeletal structure 1, agile
1, berserk 3, deformed body, dopey 1, screaming 2, weak 1, inability to read
while threatened
0: Orb of Zot
}: 3/15 runes: serpentine, barnacled, slimy
a: Renounce Religion, Heroism, Finesse, Duel


You escaped.
You worshipped Okawaru.
Okawaru was extremely pleased with you.
You visited 10 branches of the dungeon, and saw 51 of its levels.
You also visited: Bailey and Gauntlet.

You collected 10792 gold pieces.
You spent 2590 gold pieces at shops.

Inventory:

Hand Weapons
 J - the +18 lance "Wyrmbane" (weapon) {slay drac, rPois rF+ rC+ AC+3}
   (Okawaru gifted it to you on level 9 of the Dungeon)

   It inflicts extra damage against dragons and draconians.
   AC:        It affects your AC (+3).
   rF:        It protects you from fire.
   rC:        It protects you from cold.
   rPois:     It protects you from poison.
 O - the +6 quick blade "Yfren" {protect, rElec rC+ rN+}
   (Okawaru gifted it to you on level 2 of the Elven Halls)

   It grants its wielder temporary protection when it strikes (+7 to AC).
   rC:        It protects you from cold.
   rElec:     It insulates you from electricity.
   rN:        It protects you from negative energy.
 U - the +9 trident "Newtslayer" {pain, rN++ Str+3 Int-5 Stlth+}
   (Okawaru gifted it to you on level 4 of the Shoals)

   In the hands of one skilled in necromantic magic, it inflicts extra damage on
   living creatures.
   Your inability to study Necromancy prevents you from drawing on the full
   power of this weapon.
   Str:       It affects your strength (+3).
   Int:       It affects your intelligence (-5).
   rN:        It greatly protects you from negative energy.
   Stlth:     It makes you more stealthy.
Armour
 a - a +2 cloak of stealth (worn)
 i - the +2 shield of Resistance (worn) {rF++ rC++ Will++}
   (You found it on level 10 of the Dungeon)

   rF:        It greatly protects you from fire.
   rC:        It greatly protects you from cold.
   Will:      It greatly increases your willpower.
 L - a +2 helmet of see invisible (worn)
 S - a +2 pair of gloves (worn)
 W - the quicksilver dragon scales of the Game of Life (worn) {Will+ Str-2 Int+3 Slay+2}
   (You found it on level 1 of the Depths)

   Str:       It affects your strength (-2).
   Int:       It affects your intelligence (+3).
   Slay:      It affects your accuracy & damage with ranged weapons and melee
   (+2).
   Will:      It increases your willpower.
Jewellery
 c - the ring of Jantopsusu (left hand) {rC+ rN+ Stlth+}
   (You found it on level 5 of the Pits of Slime)

   [ring of protection from cold]

   rC:        It protects you from cold.
   rN:        It protects you from negative energy.
   Stlth:     It makes you more stealthy.
 l - a ring of positive energy
 s - the ring of the Tortoise (right hand) {AC+8}
   (You found it on level 15 of the Dungeon)

   [ring of protection]

   AC:        It affects your AC (+8).
 x - an amulet of reflection (around neck)
 D - the ring of the Good {Str+4 Slay+3 SInv}
   (You found it on level 2 of the Lair of Beasts)

   [ring of see invisible]

   Str:       It affects your strength (+4).
   Slay:      It affects your accuracy & damage with ranged weapons and melee
   (+3).
   SInv:      It lets you see invisible.
 N - the ring of Iraf {rPois rF- Dex+5}
   (You found it on level 5 of the Pits of Slime)

   [ring of poison resistance]

   Dex:       It affects your dexterity (+5).
   rF:        It makes you vulnerable to fire.
   rPois:     It protects you from poison.
 R - the ring of the Carved Pear {Fire rN+}
   (You found it on level 5 of the Pits of Slime)

   [ring of fire]

   It enhances your fire magic.
   rF:        It protects you from fire.
   rC:        It makes you vulnerable to cold.
   rN:        It protects you from negative energy.
 X - a ring of positive energy
Wands
 r - a wand of digging (11)
 y - a wand of flame (7)
 Y - a wand of mindburst (6)
Scrolls
 d - 12 scrolls of teleportation
 f - a scroll of enchant armour
 t - 9 scrolls of vulnerability
 u - 7 scrolls of poison
 v - 12 scrolls of fear
 E - 2 scrolls of brand weapon
 F - 5 scrolls of fog
 I - 5 scrolls of enchant weapon
 K - 7 scrolls of magic mapping
 T - 5 scrolls of immolation
 Z - a scroll of torment
Potions
 g - 7 potions of attraction
 j - 5 potions of berserk rage
 k - 8 potions of might
 n - 6 potions of brilliance
 o - 2 potions of resistance
 G - 2 potions of cancellation
 H - a potion of ambrosia (quivered)
 P - 2 potions of invisibility
 Q - 12 potions of lignification
Miscellaneous
 A - a lightning rod (4/4)
 M - a condenser vane


   Skills:
 + Level 24.6 Fighting
 - Level 0.1 Long Blades
 - Level 15.0 Polearms
 - Level 0.1 Bows
 - Level 0.1 Crossbows
 + Level 10.1 Armour
 + Level 20.7 Dodging
 - Level 5.0 Stealth
 + Level 18.0 Shields
 - Level 10.0 Unarmed Combat
 - Level 16.0 Spellcasting
 - Level 11.0 Invocations
 * Level 11.8 Evocations


You couldn't memorise any spells.
You knew the following spells:

 Your Spells              Type           Power      Damage    Failure   Level
a - Freeze                Ice            100%       1d11      0%          1
b - Frozen Ramparts       Ice            100%       1d12      1%          3
c - Ozocubu's Armour      Ice            79%        N/A       1%          3
d - Hailstorm             Conj/Ice       79%        3d16      1%          4
e - Apportation           Tloc           100%       N/A       0%          1
f - Scorch                Fire           100%       2d10      1%          2
g - Tukima's Dance        Hex            79%        N/A       1%          3
h - Conjure Flame         Conj/Fire      79%        6-21      1%          3
i - Petrify               Tmut/Erth      79%        N/A       1%          4
j - Summon Mana Viper     Hex/Summ       79%        N/A       1%          5
k - Starburst             Conj/Fire      39%        6d11      1%          6
l - Eringya's Noxious Bo  Tmut/Pois      39%        N/A       1%          6
m - Summon Hydra          Summ           39%        N/A       12%         7
n - Storm Form            Tmut/Air       39%        N/A       12%         7
o - Dragon Form           Tmut           39%        N/A       12%         7
p - Polar Vortex          Ice            39%        N/A       100%        9
q - Shatter               Erth           39%        3d31*     100%        9
Your spell library was empty.


Dungeon Overview and Level Annotations

Branches:
Dungeon (15/15)            Temple (0/1) D:7            Lair (6/6) D:11
 Shoals (4/4) Lair:2        Snake (4/4) Lair:3        Slime (5/5) Lair:5
    Orc (2/2) D:12            Elf (2/3) Orc:2        Vaults (4/5) D:14
  Crypt (0/3) Vaults:3     Depths (4/4) D:15            Zot (5/5) Depths:4
 Bailey (visited)         Gauntlet (visited)

Altars:
Ashenzari
Cheibriados
Okawaru
Qazlal
Wu Jian
Yredelemnul
Beogh
Jiyva

Shops:
D:1 [   D:8 [:   D:15 =   Orc:2 **[[([!   Elf:1 (   Elf:2 =   Shoals:1 [
Shoals:2 *   Shoals:3 !:?[*   Snake:1 =::(   Snake:3 [[((   Vaults:1 (
Vaults:3 [

Portals:
Hell: Depths:1 Depths:2 Depths:3 Depths:4
Abyss: Depths:3 Depths:4
Pandemonium: Depths:2 Depths:3 Depths:4
Ziggurat: Depths:4
Trove: D:15 (give +5 fire dragon scales)

Annotations:
D:10 1 runed translucent door
Lair:5 exclusion: 4 oklob plants


Innate Abilities, Weirdness & Mutations

You are immune to sickness and miasma.
You are immune to poison.
Your flesh is almost immune to the effects of heat. (rF+++)
You are vulnerable to cold. (rC-)
You float through the air rather than walking.
You learn spells naturally, not from books.
Your magical power is your life essence.
You have superior vitality. (+4 MHP)
You have sharp fingernails.
You have a somewhat thin skeletal structure. (Dex +2, Stealth+)
You are agile. (Dex +4, Int/Str-1)
You have an uncontrollable temper.
Armour fits poorly on your strangely shaped body.
You are dopey. (Int -2)
You frequently scream uncontrollably at your foes.
You are weak. (Str -2)
You sometimes lose the ability to read scrolls when taking damage.


Message History

(D) Dungeon (T) Temple (L) Lair (A) Shoals (P) Snake Pit (M) Slime Pits (O) Orcish Mines (E) Elven Halls (V) Vaults (C) Crypt (U) Depths (H) Hell (Z) Zot
Where to? (Enter - D:1 @ (x,y), ? - help)
What level of the Dungeon? (default 1, ? - help) HP restored.
You see here a +0 helmet.
An ice devil comes into view.
You barely miss the ice devil. You impale the ice devil!!
The ice devil is moderately wounded.
You block the ice devil's attack.
You barely miss the ice devil.
The ice devil is moderately wounded.
You impale the ice devil!!
The ice devil is severely wounded.
You block the ice devil's attack.
A red film seems to cover your vision as you go berserk!
You feel yourself moving faster!
You feel mighty!
You hit the ice devil.
The ice devil is almost dead.
You block the ice devil's attack.
You puncture the ice devil!
You kill the ice devil!
Okawaru accepts your kill.
(D) Dungeon (T) Temple (L) Lair (A) Shoals (P) Snake Pit (M) Slime Pits (O) Orcish Mines (E) Elven Halls (V) Vaults (C) Crypt (U) Depths (H) Hell (Z) Zot
Where to? (Enter - D:1 @ (x,y), ? - help)
What level of the Dungeon? (default 1, ? - help)
You feel a strong urge to attack something.
You feel your anger nearly subside.
You are no longer berserk.
You are exhausted.
You feel yourself slow down.
A red devil comes into view. It is wielding a +0 trident.
There is a staircase leading out of the dungeon here.
Unknown command.
You have escaped!

....####.###)#####.## #....#
##### #..##.# #....########.###
## ##.##.# #.#............(# .##
#.##.# #.#.#########.#.#
#.#######.##.# #.#.# #.#.#
............∩###.#.# #.#.#
#................#.#########.#.#
....#####.##...###...........#.#
#...# #......#@################
#...# ####.###..## ### ##.#.
....# #.# ##4.# ##.# #.... #.#.#
#.# ##..####..# ##.#.. #.#.# #.#
#..#.#..### #.##.. ..#.# #.#
#..##..## #..... ###.# #.#
#..##.## ####.#.#. #.# #.#
##....## #....#### #.# #.#
##....####..###


You could see a red devil.

Vanquished Creatures
  the Royal Jelly (Slime:5)
  3 dread liches
  5 orbs of fire
  4 ancient liches
  Mara (Snake:3)
  A juggernaut (Depths:3)
  Xtahua (Vaults:2)
  4 Killer Klowns (Zot:5)
  4 caustic shrikes
  2 curse toes
  6 golden dragons
  Nikola (Arena)
  2 electric golems (Zot:5)
  14 tentacled monstrosities
  An Ice Fiend (D:8)
  Jorgrun (D:11)
  Rupert (D:14)
  A lich (Depths:3)
  The ghost of Tuipsie the Warrior, an adept GnFi of the Shining One (Snake:1)
  2 walking divine tomes (Depths:3)
  Mlioglotl (Snake:4)
  The ghost of MirrMurr the Slayer, an adept DsBe of Trog (Vaults:1)
  A walking frostbound tome (Depths:3)
  27 Orb Guardians
  A walking earthen tome (Depths:3)
  2 titans
  5 quicksilver dragons
  A deep elf blademaster (Elf:2)
  Polyphemus (Shoals:4)
  6 sphinxes
  The ghost of Ocaesch Waaze the Eclecticist, an adept DjAE of Gozag (Snake:1)
  6 death cobs
  Frances (Shoals:1)
  A kraken (Shoals:4)
  17 acid blobs
  9 shadow dragons
  5 storm dragons
  The ghost of Voveif the Covert, an adept VSFi of Uskayaw (Snake:1)
  A tengu reaver (Arena)
  The ghost of Obro the Alchemist, an adept DrTm of Gozag (Snake:1)
  Roxanne (D:14)
  The ghost of Mania the Severer, an adept MeBe of Trog (Snake:4)
  Kirke (D:14)
  7 rockslimes
  14 azure jellies
  6 draconian monks
  Donald (Orc:2)
  3 nagarajas
  9 fire giants
  9 draconian knights
  5 iron dragons
  An emperor scorpion (shapeshifter) (Depths:3)
  14 vault wardens
  3 frost giants
  7 draconian scorchers
  A ghost moth (Zot:5)
  2 orc warlords
  A deep elf sorcerer (Elf:1)
  Aizul (Snake:3)
  3 draconian shifters
  Louise (Depths:3)
  A draconian stormcaller (Depths:4)
  2 curse skulls (Vaults:3)
  The ghost of kMk the Victor of a Thousand Battles, an adept VSBr of Okawaru (Snake:1)
  12 ironbound preservers
  3 spriggan defenders (Depths:3)
  A reaper (Gauntlet)
  6 quicksilver oozes
  8 draconian annihilators
  10 very ugly things
  6 ironbound thunderhulks
  10 green draconians
  11 stone giants
  2 war gargoyles (Vaults:2)
  9 black draconians
  5 vampire knights
  4 demonspawn black suns (Zot:4)
  17 dire elephants
  4 entropy weavers
  Azrael (Elf:1)
  4 spark wasps
  16 yellow draconians
  14 white draconians
  6 purple draconians
  A minotaur (Gauntlet)
  9 red draconians
  Snorg (D:14)
  4 crystal guardians
  6 ettins
  8 yaktaur captains
  8 fire dragons
  4 merfolk javelineers (Shoals:4)
  A deep elf death mage (Vaults:3)
  Josephine (D:14)
  11 merfolk impalers
  5 rakshasas
  6 boulder beetles
  6 hydras
  9 ice dragons
  12 great orbs of eyes
  2 catoblepae
  5 ironbound frosthearts
  2 alligator snapping turtles
  A hell beast (Depths:4)
  6 salamander tyrants
  15 two-headed ogres
  14 centaur warriors
  4 peacekeepers
  2 ogre magi
  2 spriggan air magi (Depths:3)
  16 vault guards
  4 merfolk avatars
  7 merfolk aquamancers
  3 anacondas
  5 deep troll shamans
  5 death yaks
  28 dancing weapons
  8 deep troll earth magi
  4 tengu warriors
  24 naga warriors
  Urug (Orc:1)
  7 shock serpents
  9 naga sharpshooters
  2 spriggans (Depths:3)
  An orc high priest (Orc:2)
  15 iron trolls
  A hell knight (Depths:2)
  9 salamander mystics
  16 deep elf knights
  A soul eater (Depths:4)
  3 skeletal warriors (D:15)
  A death drake (Gauntlet)
  2 flayed ghosts
  3 glowing orange brains
  32 deep trolls
  9 naga ritualists
  19 ironbound convokers
  7 sea snakes
  8 deep elf archers
  5 orc knights
  3 wizards
  Pikel (D:6)
  26 deep elf zephyrmancers
  6 lindwurms
  12 mana vipers
  16 harpies
  A necromancer (Vaults:4)
  29 deep elf pyromancers
  A wolf spider (D:15)
  A wolf spider zombie (Gauntlet)
  A human zombie (Vaults:4)
  4 phantasmal warriors
  17 manticores
  2 orc sorcerers (Orc:2)
  4 shining eyes
  27 salamanders
  17 ugly things
  6 cyclopes
  2 fauns (Shoals:2)
  A manticore (shapeshifter) (Depths:2)
  51 black mambas
  A spectral centaur (Gauntlet)
  An elephant (shapeshifter) (Depths:2)
  A frost giant zombie (Vaults:4)
  3 merfolk sirens
  30 moths of wrath
  Joseph (D:8)
  17 vault sentinels
  6 gargoyles
  26 naga magi
  6 guardian serpents
  2 molten gargoyles (Lair:6)
  8 water nymphs
  15 elephants
  A smoke demon (Depths:4)
  A demonic crawler (D:5)
  An unseen horror (D:11)
  9 cane toads
  A hellion (Depths:4)
  2 kobold demonologists (D:14)
  44 yaktaurs
  3 rime drakes
  Psyche (D:9)
  4 tengu conjurers
  3 freezing wraiths
  2 efreet
  2 ice devils
  A tormentor (Zot:2)
  7 komodo dragons
  A hellwing (Gauntlet)
  27 merfolk
  A yaktaur skeleton (Vaults:4)
  A tarantella (shapeshifter) (Depths:2)
  3 meliai (Lair:5)
  A queen bee (Lair:5)
  5 trolls
  A polar bear (Lair:6)
  2 hornets (Depths:3)
  14 blink frogs
  14 wind drakes
  Grinder (D:6)
  88 slime creatures
  12 snapping turtles
  9 dream sheep
  Sigmund (D:5)
  9 air elementals
  A centaur simulacrum (D:13)
  2 vampires
  24 water elementals
  6 wraiths
  5 hogs (D:14)
  10 wyverns
  4 steam dragons
  9 basilisks
  4 chaos spawn
  10 fire elementals
  12 vampire mosquitoes
  A neqoxec (Gauntlet)
  16 golden eyes
  49 yaks
  11 redbacks
  Menkaure (D:6)
  A swamp worm (shapeshifter) (Depths:1)
  5 wargs
  33 nagas
  A glowing shapeshifter zombie (Vaults:4)
  10 hell hounds
  2 acid dragons
  7 swamp worms (Lair:2)
  15 water moccasins
  A floating eye (Depths:2)
  3 ice beasts
  2 black bears
  43 orc warriors
  2 boggarts
  11 ogres
  23 wolves
  2 centaurs
  3 kobold brigands
  An earth elemental (Elf:1)
  17 bullfrogs
  2 gnoll sergeants
  A scorpion (D:3)
  9 wights
  46 killer bees
  5 electric eels
  3 howler monkeys
  5 crimson imps (D:14)
  5 lava snakes (Lair:6)
  3 hounds
  23 orc priests
  A gnoll shaman (D:7)
  4 jellies
  5 iguanas
  A boggart zombie (Gauntlet)
  21 orc wizards
  6 hell rats (Lair:5)
  Robin (D:2)
  10 gnolls
  7 adders
  4 shadow imps
  4 white imps
  2 ufetubi
  2 worms
  103 orcs
  4 bats
  2 endoplasms
  3 giant cockroaches
  22 goblins
  8 hobgoblins
  3 jackals (D:1)
  20 kobolds
  2 quokkas
  13 ball pythons
  2 frilled lizards
  5 rats
  7 briar patches (Lair:2)
  A tentacle (Shoals:4)
2118 creatures vanquished.

Vanquished Creatures (others)
  A pandemonium lord (D:14)
  An Orb Guardian (D:14)
  A draconian knight (Zot:5)
  A ghost moth (Zot:1)
  A purple draconian (Zot:1)
  A white draconian (Zot:4)
  A naga sharpshooter (Snake:1)
  A deep elf knight (Elf:1)
  A moth of wrath (Zot:4)
  A yaktaur (Vaults:4)
  A slime creature (D:12)
  An orc (Orc:2)
  30 fungi
  140 plants
  12 tentacles (Shoals:4)
194 creatures vanquished.

Grand Total: 2312 creatures vanquished

Notes
Turn   | Place    | Note
-------+----------+-------------------------------------------
     0 | D:1      | SeagullWaffle the Djinni Ice Elementalist began the quest
                  | for the Orb.
     0 | D:1      | SeagullWaffle set off with the following spells memorised:
                  | Freeze, Frozen Ramparts, Ozocubu's Armour, Hailstorm.
     0 | D:1      | Reached XP level 1. HP: 15/15 MP: 0/0
   276 | D:1      | Found Faulusav's Armour Emporium.
   421 | D:1      | Reached XP level 2. HP: 16/21 MP: 0/0
   606 | D:1      | Found a faded altar of an unknown god.
   610 | D:1      | Prayed at the altar of an unknown god.
   610 | D:1      | Became a worshipper of Warmaster Okawaru
   610 | D:1      | Reached * piety under Okawaru
  1113 | D:1      | Reached XP level 3. HP: 21/25 MP: 0/0
  1113 | D:1      | Learned a level 1 spell: Apportation
  1704 | D:2      | Reached XP level 4. HP: 26/31 MP: 0/0
  1869 | D:2      | Reached skill level 1 in Fighting
  1944 | D:2      | Noticed Robin
  1951 | D:2      | Killed Robin
  2394 | D:3      | Reached skill level 1 in Shields
  2394 | D:3      | Reached XP level 5. HP: 28/37 MP: 0/0
  2394 | D:3      | Learned a level 2 spell: Scorch
  2847 | D:3      | Reached XP level 6. HP: 38/42 MP: 0/0
  3805 | D:5      | Entered Level 5 of the Dungeon
  3806 | D:5      | Noticed an ice beast
  3818 | D:5      | Killed an ice beast
  3818 | D:5      | Reached ** piety under Okawaru
  3819 | D:5      | Reached skill level 5 in Shields
  3819 | D:5      | Reached skill level 2 in Fighting
  3819 | D:5      | Reached XP level 7. HP: 44/49 MP: 0/0
  3819 | D:5      | Learned a level 3 spell: Tukima's Dance
  3935 | D:5      | Reached skill level 3 in Fighting
  4016 | D:5      | Noticed Sigmund
  4239 | D:5      | Killed Sigmund
  4240 | D:5      | Reached skill level 4 in Fighting
  4301 | D:5      | Reached skill level 5 in Fighting
  4301 | D:5      | Reached XP level 8. HP: 54/59 MP: 0/0
  4459 | D:5      | Reached skill level 6 in Fighting
  5045 | D:6      | Noticed Pikel
  5055 | D:6      | Killed Pikel
  5055 | D:6      | Reached *** piety under Okawaru
  5056 | D:6      | Reached skill level 5 in Spellcasting
  5056 | D:6      | Reached XP level 9. HP: 58/66 MP: 0/0
  5056 | D:6      | Learned a level 3 spell: Conjure Flame
  5068 | D:6      | Noticed Menkaure
  5137 | D:6      | Killed Menkaure
  5371 | D:6      | Noticed Grinder
  5375 | D:6      | Killed Grinder
  5793 | D:7      | Reached **** piety under Okawaru
  5794 | D:7      | Reached skill level 5 in Evocations
  5850 | D:7      | Noticed a two-headed ogre
  5856 | D:7      | Killed a two-headed ogre
  6011 | D:7      | Reached XP level 10. HP: 72/72 MP: 0/0
  6335 | D:7      | Found a staircase to the Ecumenical Temple.
  6383 | D:7      | Reached ***** piety under Okawaru
  6881 | D:8      | Found a basalt altar of Yredelemnul.
  6916 | D:8      | Noticed Joseph
  6929 | D:8      | Killed Joseph
  7134 | D:8      | Found Areladwo's Book Shoppe.
  7137 | D:8      | Found Hokamp's Armour Shop.
  7390 | D:8      | Gained mutation: You do not regenerate when monsters are
                  | visible. [potion of mutation]
  7391 | D:8      | Lost mutation: You do not regenerate when monsters are
                  | visible. [potion of mutation]
  7391 | D:8      | Gained mutation: You are clumsy. (Dex -2) [potion of
                  | mutation]
  7391 | D:8      | Gained mutation: You tend to lose your temper in combat.
                  | [potion of mutation]
  7391 | D:8      | Gained mutation: You are partially covered in large bone
                  | plates. (SH +4) [potion of mutation]
  7427 | D:9      | Noticed a two-headed ogre
  7439 | D:9      | Killed a two-headed ogre
  7439 | D:9      | Received a gift from Okawaru
  7440 | D:9      | Reached skill level 7 in Fighting
  7470 | D:9      | Noticed Psyche
  7486 | D:9      | Killed Psyche
  7487 | D:9      | Reached XP level 11. HP: 72/79 MP: 0/0
  7487 | D:9      | Learned a level 4 spell: Petrify
  7601 | D:9      | Lost mutation: You are clumsy. (Dex -2) [potion of
                  | mutation]
  7601 | D:9      | Lost mutation: You tend to lose your temper in combat.
                  | [potion of mutation]
  7601 | D:9      | Gained mutation: You are somewhat resistant to further
                  | mutation. [potion of mutation]
  7601 | D:9      | Gained mutation: You are agile. (Dex +4, Int/Str-1) [potion
                  | of mutation]
  7679 | D:9      | Identified a scroll of acquirement
  7787 | D:9      | Noticed a centaur warrior
  7793 | D:9      | Killed a centaur warrior
  7801 | D:9      | Found a flagged portal.
  7816 | Bailey   | Entered a bailey
  8041 | Bailey   | Reached ****** piety under Okawaru
  8753 | D:10     | Entered Level 10 of the Dungeon
  8758 | D:10     | Noticed a centaur warrior
  8762 | D:10     | Reached skill level 8 in Fighting
  8847 | D:9      | Received a gift from Okawaru
  8847 | D:9      | Found the +8 lance "Wyrmbane" {slay drac, rPois rF+ rC+
                  | AC+3}
  8848 | D:9      | Reached skill level 10 in Spellcasting
  8910 | D:10     | Killed a centaur warrior
  9125 | D:10     | Noticed an ice dragon
  9131 | D:10     | Noticed a fire dragon
  9133 | D:10     | Noticed an ice dragon
  9134 | D:10     | Noticed a fire dragon
  9135 | D:10     | Found a runed translucent door.
  9135 | D:10     | Found a runed translucent door.
  9135 | D:10     | Found the +2 shield of Resistance {rF++ rC++ Will++}
  9157 | D:10     | Noticed a two-headed ogre
  9165 | D:10     | Killed a two-headed ogre
  9166 | D:10     | Reached skill level 9 in Fighting
  9336 | D:10     | Reached XP level 12. HP: 77/90 MP: 0/0
  9447 | D:11     | Found a staircase to the Lair.
  9460 | D:11     | Reached skill level 10 in Fighting
  9462 | D:11     | Reached skill level 1 in Polearms
  9572 | D:11     | Noticed a two-headed ogre
  9584 | D:11     | Killed a two-headed ogre
  9697 | D:11     | Received a gift from Okawaru
  9698 | D:11     | Reached skill level 11 in Fighting
 10221 | D:12     | Noticed a two-headed ogre
 10222 | D:12     | Noticed a two-headed ogre
 10222 | D:12     | Noticed a two-headed ogre
 10222 | D:12     | Noticed an ogre mage
 10224 | D:12     | Noticed a two-headed ogre
 10227 | D:12     | Killed a two-headed ogre
 10227 | D:12     | Killed a two-headed ogre
 10229 | D:12     | Killed a two-headed ogre
 10233 | D:12     | Killed a two-headed ogre
 10234 | D:12     | Reached skill level 12 in Fighting
 10235 | D:12     | Killed an ogre mage
 10318 | D:12     | Reached skill level 5 in Polearms
 10362 | D:12     | Noticed a two-headed ogre
 10362 | D:12     | Identified the +1 kite shield "Bamocw" {Str+3} (Okawaru
                  | gifted it to you on level 12 of the Dungeon)
 10362 | D:12     | Received a gift from Okawaru
 10363 | D:12     | Reached XP level 13. HP: 94/101 MP: 0/0
 10363 | D:12     | Learned a level 5 spell: Summon Mana Viper
 10477 | D:12     | Noticed Jorgrun
 10506 | D:11     | Killed Jorgrun
 10569 | D:12     | Found a staircase to the Orcish Mines.
 11026 | Lair:1   | Entered Level 1 of the Lair of Beasts
 11152 | Lair:1   | Identified the +3 kite shield of Good Intentions {rN+
                  | Will++ Dex-3}
 11291 | Lair:1   | Noticed an eight-headed hydra
 11302 | Lair:1   | Killed an eight-headed hydra
 11824 | Lair:2   | Found a transporter.
 11845 | Lair:2   | Found a transporter.
 11953 | Lair:2   | Identified the +1 crystal plate armour "Roen" {Rampage
                  | *Corrode rF+ Will++} (Okawaru gifted it to you on level 2
                  | of the Lair of Beasts)
 11953 | Lair:2   | Received a gift from Okawaru
 12017 | Lair:2   | Noticed a five-headed hydra
 12024 | Lair:2   | Killed a five-headed hydra
 12284 | Lair:2   | Found a staircase to the Shoals.
 12337 | Lair:2   | Found a dark tunnel.
 12726 | Lair:3   | Reached skill level 10 in Polearms
 12728 | Lair:3   | Reached skill level 1 in Invocations
 12843 | Lair:3   | Noticed a seven-headed hydra
 12853 | Lair:3   | Killed a seven-headed hydra
 12877 | Lair:3   | Reached XP level 14. HP: 93/107 MP: 0/0
 13058 | Lair:3   | Found a staircase to the Snake Pit.
 13665 | Lair:4   | Reached skill level 5 in Invocations
 14332 | Lair:4   | Identified the +8 hand axe of Distant Shores {pain, rElec
                  | rF- rN+++ rCorr} (Okawaru gifted it to you on level 4 of
                  | the Lair of Beasts)
 14332 | Lair:4   | Received a gift from Okawaru
 15054 | Lair:5   | Reached skill level 13 in Fighting
 15131 | Lair:5   | Received a gift from Okawaru
 15231 | Lair:5   | Reached XP level 15. HP: 79/115 MP: 0/0
 15231 | Lair:5   | Learned a level 6 spell: Starburst
 15315 | Lair:5   | Identified the +1 crystal plate armour "Qaereuhu" {rCorr
                  | Dex+2} (Okawaru gifted it to you on level 5 of the Lair of
                  | Beasts)
 15315 | Lair:5   | Received a gift from Okawaru
 15686 | Lair:5   | Found a staircase to the Slime Pits.
 15687 | Lair:5   | Found a viscous altar of Jiyva.
 16064 | Lair:6   | Entered Level 6 of the Lair of Beasts
 16277 | Lair:6   | Found a large runed translucent door.
 16277 | Lair:6   | Found a large runed translucent door.
 16405 | Lair:6   | Reached skill level 10 in Shields
 17337 | Lair:6   | Upgraded the game from 0.29-a0-643-ga013cefcf8 to
                  | 0.29-a0-648-g6b26cc9f40
 18286 | Shoals:1 | Entered Level 1 of the Shoals
 18307 | Shoals:1 | Noticed Frances
 18309 | Shoals:1 | Found Jicer's Antique Armour Boutique.
 18331 | Shoals:1 | Killed Frances
 18365 | Shoals:1 | Reached skill level 14 in Fighting
 18375 | Shoals:1 | Received a gift from Okawaru
 18472 | Shoals:1 | Bought a cloak for 121 gold pieces
 18764 | Shoals:1 | Reached XP level 16. HP: 105/123 MP: 0/0
 19481 | Shoals:2 | Found Siunn's General Store.
 19686 | Shoals:2 | Reached skill level 15 in Fighting
 20278 | Shoals:2 | Received a gift from Okawaru
 20530 | Shoals:3 | Found Mieph's Antique Armour Shoppe.
 20534 | Shoals:3 | Bought a glowing helmet for 360 gold pieces
 20534 | Shoals:3 | Bought a runed helmet for 360 gold pieces
 20628 | Shoals:3 | Found Hihur's Assorted Antiques.
 20665 | Shoals:3 | Reached skill level 16 in Fighting
 20695 | Shoals:3 | Bought a lightning rod (4/4) for 570 gold pieces
 20695 | Shoals:3 | Bought a wand of iceblast (3) for 76 gold pieces
 20695 | Shoals:3 | Bought a scroll of fear for 66 gold pieces
 20853 | Shoals:3 | Found Etusuad's Distillery.
 20928 | Shoals:3 | Bought a potion of invisibility for 136 gold pieces
 20928 | Shoals:3 | Bought a potion of heal wounds for 85 gold pieces
 20928 | Shoals:3 | Bought a potion of heal wounds for 85 gold pieces
 21115 | Shoals:3 | Found Idu Paax's Magic Scroll Shoppe.
 21125 | Shoals:3 | Bought a scroll of summoning for 171 gold pieces
 21172 | Shoals:3 | Found Nif Xoink's Book Shop.
 21304 | Shoals:3 | Reached skill level 1 in Armour
 21373 | Shoals:4 | Entered Level 4 of the Shoals
 21420 | Shoals:4 | Identified the +9 trident "Newtslayer" {pain, rN++ Str+3
                  | Int-5 Stlth+} (Okawaru gifted it to you on level 4 of the
                  | Shoals)
 21420 | Shoals:4 | Received a gift from Okawaru
 21611 | Shoals:4 | Paralysed by an air elemental for 1 turns
 21696 | Shoals:4 | Paralysed by an air elemental for 1 turns
 21699 | Shoals:4 | Paralysed by an air elemental for 1 turns
 21756 | Shoals:4 | Noticed Polyphemus
 21938 | Shoals:4 | Killed Polyphemus
 21939 | Shoals:4 | Reached skill level 17 in Fighting
 22097 | Shoals:4 | Paralysed by an air elemental for 1 turns
 22108 | Shoals:4 | Found a stormy altar of Qazlal.
 22125 | Shoals:4 | Paralysed by an air elemental for 1 turns
 22256 | Shoals:4 | Received a gift from Okawaru
 22259 | Shoals:4 | Reached XP level 17. HP: 100/136 MP: 0/0
 22259 | Shoals:4 | Learned a level 6 spell: Eringya's Noxious Bog
 22680 | Shoals:4 | Identified the +3 scimitar of Ahodis {drain, Dex+3}
 22680 | Shoals:4 | Identified the amulet "Nukocem" {Acrobat rPois rF- Will+
                  | Dex+7}
 22779 | Shoals:4 | Noticed a titan
 22927 | Shoals:4 | Noticed a kraken
 22990 | Shoals:4 | Killed a kraken
 23030 | Shoals:4 | Killed a titan
 23036 | Shoals:4 | Identified the +1 ring mail "Ledufu" {MP+9} (Okawaru gifted
                  | it to you on level 4 of the Shoals)
 23036 | Shoals:4 | Received a gift from Okawaru
 23162 | Shoals:4 | Got a barnacled rune of Zot
 23246 | Shoals:4 | Paralysed by an air elemental for 1 turns
 23251 | Shoals:4 | Paralysed by an air elemental for 1 turns
 23784 | Orc:1    | Entered Level 1 of the Orcish Mines
 23819 | Orc:1    | Reached skill level 5 in Dodging
 23861 | Orc:1    | Noticed Urug
 23873 | Orc:1    | Killed Urug
 24115 | Orc:2    | Entered Level 2 of the Orcish Mines
 24137 | Orc:2    | Found Cutsox's Armour Shop.
 24149 | Orc:2    | Bought a scarf of invisibility for 168 gold pieces
 24179 | Orc:2    | Found a staircase to the Elven Halls.
 24214 | Orc:2    | Found a gate leading to a gauntlet.
 24223 | Gauntlet | Entered a Gauntlet
 24223 | Gauntlet | Found a transporter.
 24228 | Gauntlet | Found a transporter.
 24232 | Gauntlet | Found a transporter.
 24238 | Gauntlet | Found a transporter.
 24243 | Gauntlet | Found a transporter.
 24247 | Gauntlet | Found a transporter.
 24252 | Gauntlet | Found a transporter.
 24254 | Gauntlet | Found a runed translucent gate.
 24254 | Gauntlet | Found a runed translucent gate.
 24254 | Gauntlet | Found a runed translucent gate.
 24258 | Gauntlet | Found a transporter.
 24262 | Gauntlet | Found a transporter.
 24267 | Gauntlet | Found a transporter.
 24270 | Gauntlet | Found a transporter.
 24274 | Gauntlet | Found a transporter.
 24279 | Gauntlet | Found a transporter.
 24282 | Gauntlet | Found a transporter.
 24525 | Gauntlet | Gained mutation: You possess an exceptional clarity of
                  | mind. [a neqoxec]
 24568 | Gauntlet | Identified the +6 hand axe of Yzinoxor {holy, *Noise Drain
                  | rF+++ SInv}
 24637 | Gauntlet | Identified the ring of Urivuoh {EV+4 Str+3 Int+9 Dex-3
                  | Slay-4}
 25136 | Orc:2    | Found Veiffad's Armour Shop.
 25232 | Orc:2    | Found Utaunau's General Store.
 25239 | Orc:2    | Found Deliyd's Specific Store.
 25247 | Orc:2    | Bought a scroll of fog for 30 gold pieces
 25293 | Orc:2    | Noticed Donald
 25310 | Orc:2    | Killed Donald
 25764 | Orc:2    | Found Lusimul's Antique Weapon Shop.
 25791 | Orc:2    | Found Bywkust's Antique Armour Boutique.
 25806 | Orc:2    | Bought a pair of glowing gloves for 187 gold pieces
 25806 | Orc:2    | Bought a spiked leather armour for 175 gold pieces
 25806 | Orc:2    | Identified the +3 leather armour of Grot {Drain Will+
                  | Regen+} (You bought it in a shop on level 2 of the Orcish
                  | Mines)
 25838 | Orc:2    | Found Kiesitra's Distillery.
 26060 | Snake:1  | Entered Level 1 of the Snake Pit
 26087 | Snake:1  | Received a gift from Okawaru
 26315 | Snake:1  | Found Nuinloi's Antique Weapon Boutique.
 26950 | Snake:1  | Found a runed translucent gate.
 26950 | Snake:1  | Found a runed translucent gate.
 26950 | Snake:1  | Found a runed translucent gate.
 26952 | Snake:1  | Noticed kMk's ghost (adept VSBr)
 26964 | Snake:1  | Noticed Obro's ghost (adept DrTm)
 26964 | Snake:1  | Noticed Voveif's ghost (adept VSFi)
 26964 | Snake:1  | Noticed Ocaesch Waaze's ghost (adept DjAE)
 26965 | Snake:1  | Noticed Tuipsie's ghost (adept GnFi)
 27286 | Snake:1  | Found Zuicifuamm's Book Boutique.
 27288 | Snake:1  | Found Xymag's Jewellery Emporium.
 27289 | Snake:1  | Found Ubbias's Book Boutique.
 27411 | Snake:1  | Reached XP level 18. HP: 133/143 MP: 0/0
 27713 | Snake:1  | Killed Voveif's ghost
 27713 | Snake:1  | Identified the +6 scale mail of a wizard's laboratory
                  | {rPois rF+ Str+2 Dex+4} (Okawaru gifted it to you on level
                  | 1 of the Snake Pit)
 27713 | Snake:1  | Received a gift from Okawaru
 27714 | Snake:1  | Killed kMk's ghost
 27728 | Snake:1  | Killed Ocaesch Waaze's ghost
 27746 | Snake:1  | Killed Obro's ghost
 27802 | Snake:1  | Killed Tuipsie's ghost
 27878 | Snake:1  | Acquired 328 gold pieces
 27882 | Snake:1  | Acquired 1053 gold pieces
 27886 | Snake:1  | Acquired a manual of Dodging
 28467 | Snake:2  | Identified the +6 demon trident of the Weasel {vamp, rF+
                  | Int-3 Dex+6} (Okawaru gifted it to you on level 2 of the
                  | Snake Pit)
 28467 | Snake:2  | Received a gift from Okawaru
 28680 | Snake:2  | Reached skill level 10 in Dodging
 29003 | Snake:3  | Reached skill level 18 in Fighting
 29131 | Snake:3  | Noticed Aizul
 29499 | Snake:3  | Found Jul Neush's Antique Weapon Boutique.
 29512 | Snake:3  | Noticed Mara
 29517 | Snake:3  | Noticed SeagullWaffle's illusion
 29535 | Snake:3  | Killed Mara
 29536 | Snake:3  | Reached skill level 5 in Armour
 29536 | Snake:3  | Reached XP level 19. HP: 113/151 MP: 0/0
 29536 | Snake:3  | Learned a level 7 spell: Summon Hydra
 29648 | Snake:3  | Killed Aizul
 29673 | Snake:3  | Found a snail-covered altar of Cheibriados.
 29728 | Snake:3  | Found Hosemu Geny's Antique Armour Emporium.
 29830 | Snake:3  | Found Qoyc's Antique Weapon Shop.
 29956 | Snake:3  | Found Imisodeg's Armour Emporium.
 30017 | Snake:4  | Entered Level 4 of the Snake Pit
 30017 | Snake:4  | Noticed Mania's ghost (adept MeBe)
 30017 | Snake:4  | Noticed Mlioglotl
 30017 | Snake:4  | Found a transporter.
 30017 | Snake:4  | Found a transporter.
 30031 | Snake:4  | Killed Mlioglotl
 30044 | Snake:4  | Identified the +8 chain mail "Zuravea Godd" {rPois rF+
                  | Str+4 Stlth+} (Okawaru gifted it to you on level 4 of the
                  | Snake Pit)
 30044 | Snake:4  | Received a gift from Okawaru
 31125 | Snake:4  | Got a serpentine rune of Zot
 31449 | Snake:4  | Identified the +1 hat "Odefoepe" {Rampage Int+2} (Okawaru
                  | gifted it to you on level 4 of the Snake Pit)
 31449 | Snake:4  | Received a gift from Okawaru
 31503 | Snake:4  | Killed Mania's ghost
 31504 | Snake:4  | Reached skill level 19 in Fighting
 31943 | D:13     | You are sucked into a shaft and drop 2 floors!
 31943 | D:15     | Entered Level 15 of the Dungeon
 32014 | D:15     | Found Wokohem's Jewellery Emporium.
 32262 | D:15     | Found a portal to a secret trove of treasure.
 32591 | D:14     | Noticed Snorg
 32595 | D:14     | Reached XP level 20. HP: 145/160 MP: 0/0
 32598 | D:14     | Noticed Josephine
 32603 | D:14     | Killed Snorg
 32604 | D:14     | Reached skill level 15 in Dodging
 32611 | D:14     | Killed Josephine
 32685 | D:14     | Found a gate to the Vaults.
 32685 | D:14     | Noticed Kirke
 32703 | D:14     | Killed Kirke
 32942 | D:14     | Noticed Roxanne
 33222 | D:14     | Noticed Rupert
 33256 | D:14     | Killed Rupert
 33637 | D:14     | Killed Roxanne
 33968 | D:13     | Found the +3 pair of seven-league boots {Rampage+∞}
 34139 | D:15     | Found a staircase to the Depths.
 34503 | D:15     | Found the ring of the Tortoise {AC+8}
 34885 | Vaults:1 | Entered Level 1 of the Vaults
 35007 | Vaults:1 | Identified the +2 hat "Huest" {rPois rF+ Str-5 Int+4}
                  | (Okawaru gifted it to you on level 1 of the Vaults)
 35007 | Vaults:1 | Received a gift from Okawaru
 35997 | Vaults:1 | Found Tiqul's Antique Weapon Boutique.
 36175 | Vaults:1 | Reached XP level 21. HP: 141/166 MP: 0/0
 36175 | Vaults:1 | Learned a level 7 spell: Storm Form
 36382 | Vaults:1 | Received a gift from Okawaru
 36448 | Vaults:1 | Found a runed translucent gate.
 36448 | Vaults:1 | Found a runed translucent gate.
 36448 | Vaults:1 | Found a runed translucent gate.
 36451 | Vaults:1 | Noticed MirrMurr's ghost (adept DsBe)
 36505 | Vaults:1 | Killed MirrMurr's ghost
 36519 | Vaults:1 | Identified the +1 hat of the Iron City of Dis {rF+}
 36530 | Vaults:1 | Acquired 1199 gold pieces
 36788 | Lair:2   | Identified the ring of the Good {Str+4 Slay+3 SInv}
 36793 | Lair:2   | Identified the +0 hat of Resourcefulness {rPois MP+9 Int+7
                  | Dex-3}
 37203 | Vaults:1 | Upgraded the game from 0.29-a0-648-g6b26cc9f40 to
                  | 0.29-a0-653-gd47aff6735
 37899 | Vaults:2 | Noticed Nikola
 37901 | Arena    | Entered the Arena
 37918 | Arena    | Killed Nikola
 37959 | Vaults:2 | Received a gift from Okawaru
 38224 | Vaults:2 | Reached skill level 15 in Polearms
 38375 | Vaults:2 | Noticed Xtahua
 38388 | Vaults:2 | Killed Xtahua
 38789 | Vaults:2 | Received a gift from Okawaru
 38921 | Vaults:3 | Reached skill level 20 in Fighting
 38980 | Vaults:3 | Reached XP level 22. HP: 111/175 MP: 0/0
 39813 | Vaults:3 | Found a staircase to the Crypt.
 39923 | Vaults:3 | Received a gift from Okawaru
 40172 | Vaults:3 | Found Osozo's Armour Shoppe.
 40345 | Vaults:3 | Reached skill level 21 in Fighting
 41089 | Vaults:4 | Received a gift from Okawaru
 41446 | Vaults:4 | Reached skill level 22 in Fighting
 41765 | Vaults:4 | Received a gift from Okawaru
 42347 | Elf:1    | Entered Level 1 of the Elven Halls
 42396 | Elf:1    | Found Jeazin's Weapon Shoppe.
 42729 | Elf:1    | Found a runed translucent gate.
 42729 | Elf:1    | Found a runed translucent gate.
 42731 | Elf:1    | Found a runed translucent gate.
 43008 | Elf:1    | Reached XP level 23. HP: 180/180 MP: 0/0
 43008 | Elf:1    | Learned a level 7 spell: Dragon Form
 43031 | Elf:1    | Noticed Azrael
 43047 | Elf:1    | Killed Azrael
 43229 | Elf:1    | Paralysed by an air elemental for 1 turns
 43346 | Elf:1    | Received a gift from Okawaru
 43591 | Elf:2    | Reached skill level 1 in Unarmed Combat
 43678 | Elf:2    | Paralysed by an air elemental for 1 turns
 43721 | Elf:2    | Found Zaafrogh's Jewellery Shop.
 43864 | Elf:2    | Found a huge runed translucent gate.
 43864 | Elf:2    | Found a huge runed translucent gate.
 43864 | Elf:2    | Found a huge runed translucent gate.
 43864 | Elf:2    | Found a huge runed translucent gate.
 43864 | Elf:2    | Found a huge runed translucent gate.
 43968 | Elf:2    | Reached skill level 5 in Unarmed Combat
 44591 | Elf:2    | Identified the +6 quick blade "Yfren" {protect, rElec rC+
                  | rN+} (Okawaru gifted it to you on level 2 of the Elven
                  | Halls)
 44591 | Elf:2    | Received a gift from Okawaru
 45084 | Depths:1 | Entered Level 1 of the Depths
 45163 | Depths:1 | Identified the quicksilver dragon scales of the Game of
                  | Life {Will+ Str-2 Int+3 Slay+2}
 45544 | Depths:1 | Found a gateway to Hell.
 45621 | Depths:1 | Found a stormy altar of Qazlal.
 46749 | Depths:2 | Found a broken altar of Ashenzari.
 47188 | Depths:2 | Found a one-way gate leading to the halls of Pandemonium.
 47213 | Depths:2 | Received a gift from Okawaru
 47952 | Depths:2 | Reached XP level 24. HP: 193/195 MP: 0/0
 48087 | Arena    | Entered the Arena
 48191 | Depths:2 | Reached skill level 23 in Fighting
 48510 | Depths:2 | Reached skill level 10 in Unarmed Combat
 49528 | Depths:3 | Identified the +0 rapier "Cietiyju" {freeze, rPois Int+2
                  | Stlth+} (Okawaru gifted it to you on level 3 of the Depths)
 49528 | Depths:3 | Received a gift from Okawaru
 50300 | Depths:3 | Noticed a caustic shrike
 50535 | Arena    | Entered the Arena
 51072 | Depths:3 | Killed a caustic shrike
 51260 | Depths:3 | You are sucked into a shaft and drop 1 floor!
 51260 | Depths:4 | Entered Level 4 of the Depths
 51290 | Depths:4 | Found a one-way gate to the infinite horrors of the Abyss.
 51348 | Depths:3 | Identified the +11 tower shield "Xaez" {rPois Slay+3}
 51348 | Depths:3 | Noticed Louise
 51356 | Depths:3 | Killed Louise
 52326 | Depths:3 | Reached skill level 15 in Spellcasting
 53111 | Depths:3 | Noticed a juggernaut
 53136 | Depths:3 | Killed a juggernaut
 53483 | Depths:3 | Identified the +0 halberd "Dusmaqiups" {spect, rC+ Will+
                  | MP+9}
 53485 | Depths:3 | Identified the +8 ring mail "Vulairche" {Contam Drain rElec
                  | rCorr}
 53632 | Depths:4 | Found a one-way gateway to a ziggurat.
 53959 | Depths:4 | Found an ornate altar of the Wu Jian Council.
 54031 | Depths:4 | Reached XP level 25. HP: 160/201 MP: 0/0
 54031 | Depths:4 | Learned a level 9 spell: Polar Vortex
 54155 | Depths:4 | Identified the +6 hunting sling of Ulal {venom, rElec rC++}
 54591 | Depths:4 | Noticed a caustic shrike
 54591 | Depths:4 | Noticed a caustic shrike
 54591 | Depths:4 | Noticed a caustic shrike
 54619 | Depths:4 | Killed a caustic shrike
 54619 | Depths:4 | Killed a caustic shrike
 54627 | Depths:4 | Killed a caustic shrike
 54859 | Depths:4 | Reached skill level 10 in Invocations
 55911 | Depths:4 | Found a gate to the Realm of Zot.
 56646 | Slime:1  | Entered Level 1 of the Pits of Slime
 57733 | Slime:3  | You are sucked into a shaft and drop 1 floor!
 57848 | Slime:5  | Entered Level 5 of the Pits of Slime
 58905 | Slime:5  | Found a viscous altar of Jiyva.
 58906 | Slime:5  | Noticed the Royal Jelly
 58924 | Slime:5  | Killed the Royal Jelly
 59335 | Slime:5  | Got a slimy rune of Zot
 59350 | Slime:5  | Found the +0 staff of Battle
 59364 | Slime:5  | Identified the ring of Jantopsusu {rC+ rN+ Stlth+}
 59370 | Slime:5  | Identified the +4 fustibalus of Destiny {venom, Dex+4}
 59397 | Slime:5  | Identified the ring of the Carved Pear {Fire rN+}
 59435 | Slime:5  | Identified the ring of Iraf {rPois rF- Dex+5}
 59476 | Slime:5  | Identified the +0 leather armour of the Dwarven Hall {rF+
                  | rC+ Regen+ Dex+2}
 60875 | Zot:1    | Entered Level 1 of the Realm of Zot
 61309 | Zot:1    | Received a gift from Okawaru
 61313 | Zot:1    | HP: 6/192 [black draconian/bolt of lightning[a black
                  | draconian knight] (32)]
 62613 | Zot:1    | Reached XP level 26. HP: 173/203 MP: 0/0
 63688 | Arena    | Entered the Arena
 64753 | Zot:2    | Reached skill level 15 in Shields
 64875 | Zot:2    | You are sucked into a shaft and drop 1 floor!
 64952 | Zot:3    | Noticed an orb of fire
 64974 | Zot:3    | Lost mutation: You are somewhat resistant to further
                  | mutation. [an orb of fire]
 64981 | Zot:3    | Killed an orb of fire
 67186 | Zot:2    | Reached skill level 24 in Fighting
 67685 | Zot:4    | Reached skill level 5 in Stealth
 68089 | Zot:4    | Noticed a curse toe
 68148 | Zot:3    | Identified the +4 trident "Xejy" {freeze, *Slow rC+ Str+3}
                  | (Okawaru gifted it to you on level 3 of the Realm of Zot)
 68148 | Zot:3    | Received a gift from Okawaru
 68693 | Zot:3    | Killed a curse toe
 69376 | Zot:4    | Identified the +8 spear "Hirenul" {drain, rElec rF+ Int-3
                  | Dex+3}
 69814 | Zot:4    | Noticed an orb of fire
 69881 | Zot:4    | Killed an orb of fire
 69951 | Zot:4    | Identified the +7 dagger of Sulphur {drain, rC+}
 70233 | Zot:4    | Reached skill level 10 in Evocations
 70706 | Zot:5    | Entered Level 5 of the Realm of Zot
 70837 | Zot:5    | Reached XP level 27. HP: 110/218 MP: 0/0
 70837 | Zot:5    | Learned a level 9 spell: Shatter
 71400 | Zot:5    | Identified the +3 kite shield "Mosepp" {*Slow rPois rCorr
                  | SInv} (Okawaru gifted it to you on level 5 of the Realm of
                  | Zot)
 71400 | Zot:5    | Received a gift from Okawaru
 71431 | Zot:5    | Noticed a dread lich
 71452 | Zot:5    | Killed a dread lich
 71675 | Zot:5    | Noticed an orb of fire
 71743 | Zot:5    | Noticed a Killer Klown
 71777 | Zot:5    | Killed a Killer Klown
 71781 | Zot:5    | Noticed an ancient lich
 71783 | Zot:5    | Noticed an ancient lich
 71785 | Zot:5    | Noticed an ancient lich
 71785 | Zot:5    | Noticed a dread lich
 72257 | Zot:1    | Acquired 1022 gold pieces
 72534 | Zot:4    | Killed an ancient lich
 72843 | Zot:5    | Killed a dread lich
 73000 | Zot:5    | Killed an ancient lich
 73075 | Zot:5    | Noticed a dread lich
 73989 | Zot:5    | Noticed an orb of fire
 73999 | Zot:5    | Gained mutation: Your spells are a little easier to cast,
                  | but a little less powerful. [an orb of fire]
 74018 | Zot:4    | Gained mutation: You sometimes lose the ability to read
                  | scrolls when taking damage. [an orb of fire]
 74031 | Zot:4    | Gained mutation: You are frail. (-10% HP) [an orb of fire]
 74034 | Zot:4    | Lost mutation: You are agile. (Dex +4, Int/Str-1) [an orb
                  | of fire]
 74037 | Zot:4    | Gained mutation: You are clumsy. (Dex -2) [an orb of fire]
 74045 | Zot:4    | Gained mutation: You are weak. (Str -2) [an orb of fire]
 74069 | Zot:4    | Gained mutation: You do not regenerate when monsters are
                  | visible. [an orb of fire]
 74074 | Zot:4    | Killed an orb of fire
 74075 | Zot:4    | Lost mutation: You are clumsy. (Dex -2) [potion of
                  | mutation]
 74075 | Zot:4    | Lost mutation: You possess an exceptional clarity of mind.
                  | [potion of mutation]
 74075 | Zot:4    | Gained mutation: Your flesh is almost immune to the effects
                  | of heat. (rF+++) [potion of mutation]
 74075 | Zot:4    | Gained mutation: You are very frail. (-20% HP) [potion of
                  | mutation]
 74075 | Zot:4    | Lost mutation: You are very frail. (-20% HP) [potion of
                  | mutation]
 74076 | Zot:4    | Lost mutation: You sometimes lose the ability to read
                  | scrolls when taking damage. [potion of mutation]
 74076 | Zot:4    | Lost mutation: You are weak. (Str -2) [potion of mutation]
 74076 | Zot:4    | Lost mutation: Your spells are a little easier to cast, but
                  | a little less powerful. [potion of mutation]
 74076 | Zot:4    | Gained mutation: You have a pair of small horns on your
                  | head. [potion of mutation]
 74076 | Zot:4    | Gained mutation: You have a somewhat thin skeletal
                  | structure. (Dex +2, Stealth+) [potion of mutation]
 74077 | Zot:4    | Lost mutation: You have a pair of small horns on your head.
                  | [potion of mutation]
 74077 | Zot:4    | Lost mutation: You are partially covered in large bone
                  | plates. (SH +4) [potion of mutation]
 74077 | Zot:4    | Gained mutation: You are weak. (Str -2) [potion of
                  | mutation]
 74077 | Zot:4    | Gained mutation: You have sharp fingernails. [potion of
                  | mutation]
 74078 | Zot:4    | Lost mutation: You are frail. (-10% HP) [potion of
                  | mutation]
 74078 | Zot:4    | Lost mutation: You do not regenerate when monsters are
                  | visible. [potion of mutation]
 74078 | Zot:4    | Gained mutation: Armour fits poorly on your strangely
                  | shaped body. [potion of mutation]
 74078 | Zot:4    | Gained mutation: You are agile. (Dex +4, Int/Str-1) [potion
                  | of mutation]
 74525 | Zot:4    | Gained mutation: You tend to lose your temper in combat.
                  | [an orb of fire]
 74881 | Zot:3    | Killed a dread lich
 74902 | Zot:4    | Gained mutation: You occasionally shout uncontrollably at
                  | your foes. [an orb of fire]
 74917 | Zot:4    | Gained mutation: You often lose your temper in combat. [an
                  | orb of fire]
 74942 | Zot:4    | Killed an orb of fire
 75296 | Zot:5    | Noticed a Killer Klown
 75304 | Zot:5    | Killed a Killer Klown
 75327 | Zot:5    | Noticed a Killer Klown
 75353 | Zot:5    | Killed a Killer Klown
 75565 | Zot:5    | Noticed an ancient lich
 75578 | Zot:5    | Killed an ancient lich
 75579 | Zot:5    | Reached skill level 10 in Armour
 76070 | Zot:5    | Killed an ancient lich
 76141 | Zot:5    | Noticed an orb of fire
 76144 | Zot:5    | Gained mutation: You frequently scream uncontrollably at
                  | your foes. [an orb of fire]
 76159 | Zot:5    | Gained mutation: You sometimes lose the ability to read
                  | scrolls when taking damage. [an orb of fire]
 76167 | Zot:5    | Gained mutation: You have an uncontrollable temper. [an orb
                  | of fire]
 76170 | Zot:5    | Gained mutation: You are dopey. (Int -2) [an orb of fire]
 76178 | Zot:5    | Killed an orb of fire
 76198 | Zot:5    | Received a gift from Okawaru
 76560 | Zot:5    | Noticed a Killer Klown
 76571 | Zot:5    | Killed a Killer Klown
 76869 | Zot:5    | Got the Orb of Zot
 77325 | D:14     | Noticed Sinup the pandemonium lord
 77334 | D:14     | Killed Sinup the pandemonium lord
 77363 | D:13     | Noticed Righust the pandemonium lord
 77746 | D:$      | Escaped with the Orb!

Illustrated notes

Levels and vault maps discovered:
D:1:      lemuel_arrival_tunnels, layout_loops_ring, serial_shops, shop,
          hellmonk_ecumenical_altar_inner_sanctum
D:2:      layout_rooms, chequers_serial_rivers_room_a, uniq_robin
D:3:      layout_rooms
D:4:      layout_loops_corners
D:5:      layout_gridville, uniq_sigmund
D:6:      layout_loops_ring, uniq_menkaure, uniq_grinder, uniq_pikel
D:7:      layout_basic, minmay_temple_entry_overgrown
D:8:      layout_rooms, mainiacjoe_overflow_concentric_impassable,
          hellmonk_bongcloud_opening, nicolae_wooded_promenade,
          eino_tiny_chamber, minmay_statues_item, kennysheep_generic_room_13,
          uniq_joseph
D:9:      layout_loops_ring, enter_bailey_5, minmay_misc_feat_rows,
          minmay_fractal_squares_5, uniq_psyche
D:10:     layout_cave_pools, special_room [special_room_orc],
          minmay_guarded_unrand_resistance
D:11:     layout_irregular_city, lair_entry_dummy, st_stairs_12
D:12:     layout_basic, erik_orc_4, uniq_jorgrun
D:13:     layout_rooms, hellmonk_guarded_unrand_seven_league_boots
D:14:     layout_gridville, erik_vaults_2, minmay_nine_imps, uniq_josephine,
          uniq_kirke, uniq_roxanne, uniq_snorg, uniq_rupert
D:15:     hangedman_depths_entry_try_elsewhere_first, layout_irregular_city,
          serial_glass, glass_columns_a, glass_columns_b,
          trove_entry_hex_spiral, serial_shops, shop_statue,
          minmay_guarded_unrand_tortoise
Lair:1:   layout_gridlike
Lair:2:   gammafunk_worm_tunnel, layout_regular_city, minmay_shoals_entry_hut,
          enter_volcano_4, st_stairs_5
Lair:3:   layout_small_grid, minmay_snake_entry_spellcaster
Lair:4:   layout_roguey, guppyfry_lair_drakes
Lair:5:   hangedman_what_comes_after_a, layout_loops_ring, slime_altar_1,
          infiniplex_staircase_pool
Lair:6:   cheibrodos_lair_end_hotspot, layout_layer_cave
Shoals:1: layout_shoals, serial_shops, nicolae_shop_waterfront, uniq_frances
Shoals:2: layout_shoals, serial_shops, nicolae_lakefront_shop
Shoals:3: layout_shoals, serial_shops, nicolae_lakefront_shop, shop,
          nicolae_shop_hallway_stairs, nicolae_stop_n_shop_1, shop
Shoals:4: shoals_end_hellmonk_storm_palace [storm_palace_center_circular,
          storm_palace_corner_narrow, storm_palace_corner_blocked,
          storm_palace_corner_pillars, storm_palace_corner_altar], serial_shops,
          uniq_polyphemus
Snake:1:  layout_chambers, gammafunk_ghost_cemetery, serial_shops, shop,
          serial_bayou_shore_a, grunt_megastairs_4, minmay_shop_grove
Snake:2:  layout_basic
Snake:3:  nicolae_snakescales, layout_concentric_octagons, serial_shops,
          nicolae_lakefront_shop, nicolae_lakefront_shop,
          nicolae_shop_competitors_out_of_business, shop, basic_altar,
          uniq_mara, uniq_aizul
Snake:4:  snake_pit, layout_cave_town, gammafunk_ghost_arena, uniq_mlioglotl
Slime:1:  layout_caves
Slime:2:  layout_caves
Slime:3:  layout_caves
Slime:4:  layout_caves
Slime:5
Orc:1:    layout_caves, uniq_urug
Orc:2:    grunt_orc_community_town_hall, layout_diamond_mine,
          grunt_orc_community_big_house_1, grunt_orc_community_big_house_1,
          grunt_orc_community_house_3, grunt_orc_community_house_3,
          grunt_orc_community_house_1, grunt_orc_community_house_2,
          grunt_orc_community_house_3, grunt_orc_community_house_1,
          gauntlet_entry_generic, serial_shops, nicolae_shop_advertising_works
          [nicolae_subvault_shop_adworks], nicolae_specific_store, uniq_donald
Elf:1:    layout_geoelf_diagonals, serial_shops, nicolae_take_the_stairs,
          minmay_elf_sorcery, nicolae_gammafunk_elf_defective_weapons_storage,
          uniq_azrael
Elf:2:    elven_hall_of_blades_hangedman_alternative [nicolae_blade_bullseye],
          layout_loops_corners, serial_shops, nicolae_shop_statue_plus,
          moated_statue
Vaults:1: gammafunk_ghost_tricky_traps, v_misc_17, dpeg_vaults_monster_box,
          v_misc_32, nicolae_vaults_diagonal_hallway_8, v_misc_1,
          nicolae_vaults_little_squares_2, v_alt_pattern_5,
          hangedman_vaults_stitches, nicolae_vaults_little_squares_4,
          vaults_mumra_lcd, nicolae_vaults_stairing_the_circle,
          ontoclasm_vaults_gateway, layout_vaults_omnicross, serial_shops,
          nicolae_shop_overgrown_old_shop
Vaults:2: vaults_dpeg_encased_lava, v_rooms_3, nicolae_vaults_disjoint_gnomons,
          nicolae_vaults_ninety_degrees, hangedman_vaults_stretched_pinwheel,
          nicolae_vaults_angled_halls, nicolae_vaults_ring_of_whatevers,
          vaults_room_ringed_pool, nicolae_vaults_holding_cells, v_misc_26,
          v_alt_pattern_4, nicolae_vaults_little_squares_1, layout_vaults_maze,
          uniq_xtahua, uniq_nikola
Vaults:3: minmay_crypt_entry_simple_plaza, hangedman_vaults_snaps,
          hangedman_vaults_nails, vaults_dpeg_ring, nicolae_vaults_what_the_h,
          nicolae_vaults_rhombus_5, vaults_mumra_hexcomb, nicolae_vaults_theta,
          nicolae_vaults_little_squares_5, layout_vaults_quadrants,
          serial_shops, nicolae_lakefront_shop
Vaults:4: v_misc_22, vaults_room_semicircle, grunt_vaults_swirl, v_misc_11,
          v_alt_pattern_2, vaults_dpeg_hooks, ontoclasm_vaults_claustrophobia,
          v_misc_25, v_misc_2, st_hourglassy, vaults_room_door_ring,
          vaults_room_semicircle, ontoclasm_vaults_twist, layout_vaults_ring
Depths:1: layout_gridlike, nicolae_qazlal_scattered_showers, hell_entry,
          hex_tiny, st_stairs_8, lemuel_freeze_loot_1, serial_bayou_shore_b,
          serial_bayou_shore_b, grunt_megastairs_2,
          infiniplex_staircase_pool_lava
Depths:2: minmay_the_grid_four_pointed_star_mashed
          [minmay_the_grid_triangle_9x9_dagger,
          minmay_the_grid_triangle_9x9_descending_squares,
          minmay_the_grid_triangle_9x9_odd_lines,
          minmay_the_grid_triangle_9x9_wacky_v,
          minmay_the_grid_prize_inner_circle], layout_basic, skrybe_limestone_x,
          grunt_hell_entry_dis_old, pan_entry, evilmike_ruin_ashenzari,
          minmay_staircase_bubble
Depths:3: little_maze_vault, layout_cave_shapes, hell_entry, pan_entry,
          nicolae_abyss_entry_one_way_or_another, serial_bayou_pond_a
Depths:4: evilmike_zot_entry_hall, layout_long_grid, enter_ziggurat_f,
          abyss_entry, roderic_lattice_a, hell_entry, rand_demon_pan_entry_7,
          nicolae_wu_jian_immortal_techniques
Zot:1:    layout_gridlike
Zot:2:    layout_misc_corridors
Zot:3:    layout_gridlike
Zot:4:    dreamdust_black_sun_cult, layout_onion_interference,
          lemuel_baited_zot_trap, st_stairs_8
Zot:5:    layout_gridville, lemuel_flame_loot_1

Skill      XL: |  1  2  3  4  5  6  7  8  9 10 11 12 13 14 15 16 17 18 19 20 21 22 23 24 25 26 27 |
---------------+----------------------------------------------------------------------------------+-----
Spellcasting   | 4 5 6 8 10 12 13 14 15 16 | 16.0
Stealth        | 2 3 5 |  5.0
Fighting       | 1 2 5 6 7 9 12 13 14 17 18 19 20 22 23 24 | 24.6
Shields        | 1 3 5 7 12 13 14 16 18 | 18.0
Evocations     | 7 8 10 11 | 11.8
Polearms       | 5 10 13 15 | 15.0
Invocations    | 3 8 9 11 | 11.0
Armour         | 3 5 6 8 9 10 | 10.1
Dodging        | 4 6 12 14 16 17 18 20 | 20.7
Unarmed Combat | 9 10 | 10.0
Long Blades    | |  0.1
Bows           | |  0.1
Crossbows      | |  0.1

Action                   |  1- 3 |  4- 6 |  7- 9 | 10-12 | 13-15 | 16-18 | 19-21 | 22-24 | 25-27 || total
-------------------------+-------+-------+-------+-------+-------+-------+-------+-------+-------++-------
Melee: Unarmed           |     5 |     7 |       |       |       |       |    22 |    22 |    58 ||   114
       Dagger            |       |       |     1 |     3 |       |       |       |       |       ||     4
       Lance             |       |       |       |    12 |   511 |  1070 |  1380 |  1342 |  1371 ||  5686
       Punch             |       |       |       |       |       |       |     2 |       |     6 ||     8
       Trident           |       |       |       |       |       |       |       |    10 |   239 ||   249
Throw: Throwing net      |       |       |       |       |       |     1 |     5 |     4 |     2 ||    12
 Cast: Freeze            |    44 |    71 |    29 |    51 |    72 |       |     9 |       |       ||   276
       Frozen Ramparts   |     2 |    12 |    11 |    45 |    62 |    75 |    49 |    23 |    28 ||   307
       Ozocubu's Armour  |       |     2 |     6 |    19 |    48 |    77 |    56 |    36 |    31 ||   275
       Scorch            |       |     6 |    39 |   211 |   261 |   370 |   111 |     8 |     6 ||  1012
       Conjure Flame     |       |       |       |     2 |       |     1 |     9 |       |       ||    12
       Hailstorm         |       |       |       |    14 |    41 |    41 |    11 |       |     2 ||   109
       Apportation       |       |       |       |     1 |       |     1 |       |       |       ||     2
       Petrify           |       |       |       |       |       |    44 |       |       |       ||    44
       Eringya's Noxious |       |       |       |       |       |    16 |    90 |    94 |    85 ||   285
       Starburst         |       |       |       |       |       |    31 |    55 |   134 |    89 ||   309
       Storm Form        |       |       |       |       |       |       |     3 |     4 |     5 ||    12
Invok: Heroism           |       |       |     2 |     1 |     3 |    11 |    10 |    24 |    21 ||    72
       Finesse           |       |       |       |       |     1 |     5 |     5 |    12 |    16 ||    39
       Duel              |       |       |       |       |       |       |     1 |     2 |     1 ||     4
 Abil: Evoke Invisibilit |       |       |       |       |       |     2 |     3 |     2 |     1 ||     8
       End Transformatio |       |       |       |       |       |       |       |     1 |     1 ||     2
       Blinkbolt         |       |       |       |       |       |       |       |       |     1 ||     1
Evoke: Wand              |       |       |       |    19 |    42 |    19 |     4 |     4 |    33 ||   121
       Piece from Xom's  |       |       |       |       |     1 |       |       |       |       ||     1
       Condenser vane    |       |       |       |       |     2 |     1 |     1 |       |     5 ||     9
       Lightning rod     |       |       |       |       |       |     4 |     4 |     2 |     4 ||    14
  Use: Scroll            |       |       |    11 |    13 |     6 |     8 |     1 |    11 |    16 ||    66
       Potion            |       |       |       |     4 |     4 |     4 |     2 |     2 |    57 ||    73
 Stab: Sleeping          |       |       |     1 |       |     5 |     8 |     9 |     5 |     8 ||    36
       Distracted        |       |       |       |       |     2 |     1 |     1 |     1 |     4 ||     9
       Invisible         |       |       |       |       |     1 |     8 |    29 |     5 |    14 ||    57
       Petrified         |       |       |       |       |       |    75 |       |       |       ||    75
       Petrifying        |       |       |       |       |       |     6 |       |       |       ||     6
       Held in net/web   |       |       |       |       |       |       |       |     2 |       ||     2
Armor: Robe              |     9 |    29 |     5 |     4 |       |       |       |       |       ||    47
       Steam dragon scal |       |       |       |    18 |       |       |       |       |       ||    18
       Troll leather arm |       |       |       |    19 |   212 |   114 |   114 |    54 |       ||   513
       Skin              |       |       |       |       |       |       |     3 |     2 |    32 ||    37
       Quicksilver drago |       |       |       |       |       |       |       |   105 |   277 ||   382
Dodge: Dodged            |    29 |    33 |    16 |    65 |   208 |   219 |   358 |   333 |   603 ||  1864
Block: Buckler           |       |    17 |     8 |    89 |   180 |       |       |       |       ||   294
       Kite shield       |       |       |       |       |   403 |  1065 |   985 |   809 |  1098 ||  4360
       Reflection        |       |       |       |       |     4 |   106 |   181 |    83 |    16 ||   390
       Other             |       |       |       |       |       |       |     2 |     3 |    24 ||    29

Table legend: (Time is in decaauts)
 A = Elapsed time spent in this place.
 B = Non-inter-level travel time spent in this place.
 C = Inter-level travel time spent in this place.
 D = Time resting spent in this place.
 E = Time spent auto-exploring this place.
 F = Levels seen in this place.
 G = Mean time per level.
                   A        B        C        D        E       F      G
               +--------+--------+--------+--------+--------+-----+--------+
         Total |  75396 |  70786 |   4610 |    325 |  49523 |  57 | 1322.7 |
       Dungeon |  14859 |  13179 |   1680 |    100 |   9773 |  15 |  990.6 |
          Lair |   7621 |   6614 |   1007 |      0 |   4307 |   6 | 1270.2 |
        Shoals |   5304 |   5180 |    124 |    225 |   2122 |   4 | 1326.0 |
     Snake Pit |   5246 |   5078 |    168 |      0 |   3406 |   4 | 1311.5 |
    Slime Pits |   3828 |   3746 |     82 |      0 |   3066 |   5 |  765.6 |
  Orcish Mines |   1579 |   1427 |    152 |      0 |    897 |   2 |  789.5 |
   Elven Halls |   2482 |   2346 |    136 |      0 |   1315 |   2 | 1241.0 |
        Vaults |   6927 |   6335 |    592 |      0 |   4470 |   4 | 1731.8 |
        Depths |  11614 |  11152 |    462 |      0 |   9116 |   4 | 2903.5 |
           Zot |  14908 |  14705 |    203 |      0 |  10903 |   5 | 2981.6 |
        Bailey |    379 |    379 |      0 |      0 |    102 |   1 |  379.0 |
      Gauntlet |    552 |    552 |      0 |      0 |      0 |   1 |  552.0 |
         Arena |     91 |     91 |      0 |      0 |     46 |   4 |   22.8 |
               +--------+--------+--------+--------+--------+-----+--------+

Top non-repeatable levels by time:
   Zot:4: 4325 daAuts
Depths:3: 3809 daAuts
   Zot:3: 3603 daAuts
Depths:4: 3145 daAuts
   Zot:1: 3079 daAuts
Depths:2: 2685 daAuts
   Zot:5: 2536 daAuts
Vaults:1: 2143 daAuts
Shoals:4: 1993 daAuts
Depths:1: 1973 daAuts
Vaults:3: 1876 daAuts
 Slime:5: 1809 daAuts
 Snake:1: 1802 daAuts
Vaults:2: 1649 daAuts
  Lair:6: 1587 daAuts
